[Event "Titled Tuesday Blitz August 1 Early 2023"]
[White "Arias, Juan Cruz"]
[Black "Nguyen, Ngoc Truong Son"]
[WhiteFideId "118540"]
[BlackFideId "12401110"]
[WhiteElo "2658"]
[BlackElo "2904"]
[Result "0-1"]
[Round "3"]
[TimeControl "180+1"]
[Date "2023.08.01"]
[WhiteClock "0:00:29"]
[BlackClock "0:00:22"]
[Board "24"]

1. d4 g6 2. Nf3 Bg7 3. e3 d6 4. Be2 e5 5. dxe5 dxe5 6. Qxd8+ Kxd8 7. Nc3 h6 8. Bd2 Be6 9. O-O-O Nd7 10. e4 c6 11. Be3 Kc7 12. a4 Ngf6 13. Nd2 Ng4 14. Bxg4 Bxg4 15. f3 Be6 16. Nb3 b6 17. Rd2 Rhd8 18. Rhd1 Nf6 19. a5 Rxd2 20. Rxd2 Bf8 21. axb6+ axb6 22. Rd1 Nd7 23. Kb1 f5 24. Nd2 f4 25. Bf2 g5 26. Ne2 h5 27. g4 hxg4 28. Re1 gxf3 29. Nxf3 g4 30. Ng5 Ba2+ 31. Kc1 Bc4 32. Kd2 Be7 33. h4 Bxg5 34. hxg5 Bxe2 35. Kxe2 Rg8 36. Bh4 Rh8 37. Bf2 Nf8 38. Ra1 Kb7 39. Rd1 Rh2 40. Rd8 Ne6 41. g6 g3 42. Rd7+ Ka6 43. Re7 Nd4+ 44. Kd3 gxf2 0-1


[Site "https://www.chess.com"]

[Event "Titled Tuesday Blitz August 1 Early 2023"]
[White "JeRoma71"]
[Black "Lewicki, Miroslaw"]
[BlackFideId "1113380"]
[WhiteElo "2891"]
[BlackElo "2649"]
[Result "1/2-1/2"]
[Round "3"]
[TimeControl "180+1"]
[Date "2023.08.01"]
[WhiteClock "0:00:08"]
[BlackClock "0:00:04"]
[Board "25"]

1. Nf3 c5 2. g3 Nf6 3. Bg2 g6 4. O-O Bg7 5. c4 O-O 6. Nc3 d5 7. cxd5 Nxd5 8. d3 Nxc3 9. bxc3 Bxc3 10. Bh6 Bg7 11. Bxg7 Kxg7 12. Rb1 Nc6 13. Qa4 Qd6 14. Rfc1 b6 15. d4 Bd7 16. dxc5 bxc5 17. Qc4 Rab8 18. e3 Be6 19. Qc3+ f6 20. a3 Rxb1 21. Rxb1 Rc8 22. Ng5 Bg8 23. Ne4 Qe5 24. Qxc5 Qxc5 25. Nxc5 Ne5 26. Rc1 Nc4 27. Nd3 Rd8 28. Nb4 Nxa3 29. Nc6 Rd7 30. h4 Rc7 31. Ra1 Nb5 32. Ra5 Bc4 33. g4 e5 34. g5 Kf7 35. Kh2 Ke6 36. Kg3 f5 37. f4 e4 38. Ne5 Nd6 39. h5 gxh5 40. Bh3 Bb5 41. Kh4 a6 42. Ra3 Rc1 43. Kg3 Rh1 44. Kg2 Re1 45. Rc3 h4 46. g6 hxg6 47. Nxg6 Nc4 48. Kf2 Rh1 49. Bg2 Ra1 50. Nxh4 Ra2+ 51. Kg1 Re2 52. Bf1 Rxe3 53. Rxc4 Bxc4 54. Bxc4+ Kf6 55. Bxa6 Rh3 56. Ng2 Kg6 57. Kf2 Ra3 58. Be2 Kf6 59. Ne3 Ra2 60. Ke1 Ra1+ 61. Bd1 Ra2 62. Bc2 Ra3 63. Ke2 Ra2 64. Kd2 Ra3 65. Bb1 Ra1 66. Kc2 Ra3 67. Kd2 Ra1 68. Bc2 Rh1 69. Kc3 Rh3 70. Kd4 Rf3 71. Bd1 Rxf4 72. Nd5+ Kg5 73. Nxf4 Kxf4 74. Bh5 e3 75. Kd3 Ke5 76. Kxe3 f4+ 77. Kf3 Kf6 78. Kxf4 1/2-1/2


[Site "https://www.chess.com"]

[Event "Titled Tuesday Blitz August 1 Early 2023"]
[White "Harsh Suresh"]
[Black "Weishaeutel, Moritz"]
[WhiteFideId "45018464"]
[BlackFideId "12967300"]
[WhiteElo "2888"]
[BlackElo "2647"]
[Result "1-0"]
[Round "3"]
[TimeControl "180+1"]
[Date "2023.08.01"]
[WhiteClock "0:00:03"]
[BlackClock "0:00:00"]
[Board "26"]

1. e4 e5 2. Nf3 Nf6 3. d4 Nxe4 4. Bd3 d5 5. Nxe5 Nd7 6. O-O Bd6 7. Nxd7 Bxd7 8. Nd2 Nxd2 9. Bxd2 O-O 10. Qh5 g6 11. Qxd5 Qh4 12. g3 Qh3 13. Qxb7 c6 14. Rfb1 Rfb8 15. Qa6 Rb6 16. Qa5 Rab8 17. b3 Rb5 18. Bf1 Qh5 19. Qc3 Bf5 20. Re1 Bb4 21. Qe3 Bxd2 22. Qxd2 R5b7 23. Bg2 Rd7 24. Bxc6 Rd6 25. Bg2 Rbd8 26. c3 Bg4 27. Qf4 R6d7 28. Re5 Bf5 29. h3 f6 30. Re3 Bxh3 31. Bxh3 Qxh3 32. Rae1 Rd5 33. Qc7 R5d7 34. Qf4 1-0


[Site "https://www.chess.com"]

[Event "Titled Tuesday Blitz August 1 Early 2023"]
[White "Timerkhanov, Alexander"]
[Black "Zhigalko, Sergei"]
[WhiteFideId "24177938"]
[BlackFideId "13502956"]
[WhiteElo "2647"]
[BlackElo "2885"]
[Result "1/2-1/2"]
[Round "3"]
[TimeControl "180+1"]
[Date "2023.08.01"]
[WhiteClock "0:00:13"]
[BlackClock "0:00:06"]
[Board "27"]

1. d4 Nf6 2. Bg5 d5 3. Nd2 c5 4. e3 Nc6 5. c3 e6 6. Ngf3 h6 7. Bh4 Be7 8. Bd3 b6 9. O-O O-O 10. Qe2 Bb7 11. a3 Rc8 12. b4 Ne4 13. Bxe7 Nxe7 14. Rfc1 Ng6 15. h3 f5 16. Ba6 Qe7 17. Bxb7 Qxb7 18. bxc5 bxc5 19. Rab1 Qe7 20. c4 cxd4 21. Nxd4 Nxd2 22. Qxd2 dxc4 23. Qb4 Qxb4 24. Rxb4 Ne5 25. Ra4 c3 26. Rxa7 Rfd8 27. Rb7 Nd3 28. Rc2 Ne1 29. Rc1 Nd3 30. Rc2 Ne1 31. Rc1 c2 32. Kf1 e5 33. Kxe1 exd4 34. Rb2 d3 35. Kd2 Rd5 36. Rb3 Rcd8 37. a4 g5 38. Ra3 Kf7 39. a5 Ke6 40. a6 Ke5 41. a7 Ra8 42. Rxd3 Rxd3+ 43. Kxd3 Rxa7 44. Rxc2 Rd7+ 45. Ke2 Rd6 46. Rc5+ Kf6 47. Rc2 Ra6 48. Rb2 Rc6 49. Kf3 Rd6 50. e4 fxe4+ 51. Kxe4 Re6+ 52. Kf3 Kg6 53. Kg3 Rf6 54. Rb5 Re6 55. f3 Rd6 56. h4 Rc6 57. Re5 Rb6 58. Rd5 Rc6 59. Rd4 Rb6 60. Kg4 h5+ 61. Kg3 gxh4+ 62. Kxh4 Ra6 63. g3 Rb6 64. f4 Rb1 65. Rd6+ Kf5 66. Rd5+ Ke4 67. Re5+ Kf3 68. Kxh5 Kxg3 69. Kg5 Rb8 70. f5 Rg8+ 71. Kf6 Kf4 72. Ra5 Rf8+ 73. Ke6 Kg5 74. Rb5 Rf6+ 75. Ke7 Rxf5 76. Rxf5+ Kxf5 1/2-1/2


[Site "https://www.chess.com"]

[Event "Titled Tuesday Blitz August 1 Early 2023"]
[White "Kravtsiv, Martyn"]
[Black "Hua, Lefong"]
[WhiteFideId "14113147"]
[BlackFideId "2602253"]
[WhiteElo "2872"]
[BlackElo "2643"]
[Result "1/2-1/2"]
[Round "3"]
[TimeControl "180+1"]
[Date "2023.08.01"]
[WhiteClock "0:00:13"]
[BlackClock "0:00:21"]
[Board "28"]

1. e4 c5 2. Nf3 g6 3. d4 cxd4 4. Nxd4 Bg7 5. c4 Nc6 6. Nc2 Nf6 7. Nc3 d6 8. Be2 O-O 9. O-O Be6 10. Rb1 Rc8 11. b3 a6 12. Bb2 Nd7 13. Ne3 Re8 14. Kh1 Qa5 15. Qe1 Nd4 16. Bd3 Nc5 17. Rd1 Nxd3 18. Rxd3 b5 19. Qd1 Nc6 20. cxb5 axb5 21. a3 b4 22. axb4 Nxb4 23. Rd4 Bxd4 24. Qxd4 Qc5 25. Qd2 Bxb3 26. Nf5 f6 27. Nh6+ Kg7 28. Ng4 Be6 29. Ne3 h5 30. f4 Bf7 31. Ne2 Nc2 32. Nd4 Nxe3 33. Qxe3 e5 34. fxe5 dxe5 35. Qf2 Qe7 36. Nf3 Bc4 37. Ra1 Red8 38. h3 Bf7 39. Ra6 Rd6 40. Ra5 Rd1+ 41. Kh2 Rcd8 42. Nxe5 fxe5 43. Rxe5 Qd6 44. Qg3 Kg8 45. Qg5 Rd2 46. Bc3 Rd3 47. Ba1 Re8 48. Qf4 Rxe5 49. Bxe5 Qe6 50. Ba1 Rd8 51. h4 Re8 52. Qh6 Qd6+ 53. g3 Re5 54. Qf4 Re6 55. Qh6 Re5 56. Qf4 Rd5 57. exd5 Qxf4 58. gxf4 Bxd5 59. Kg3 Kf7 60. Bd4 Be6 61. Be5 Bf5 62. Kf2 Ke6 63. Ke3 Kd5 64. Kd2 Ke6 65. Kc3 Kd5 66. Kb4 Ke4 67. Kc5 Kf3 68. Kd6 Kg4 69. Bf6 Kxf4 70. Bg5+ Kg4 71. Bf6 Kf3 72. Bg5 Ke2 73. Bf6 Kf1 74. Bg5 Kg2 75. Bf6 Kf3 76. Bg5 Ke4 77. Bf6 Kd3 78. Bg5 Ke4 79. Bf6 Kd3 80. Bg5 Ke4 1/2-1/2


[Site "https://www.chess.com"]

[Event "Titled Tuesday Blitz August 1 Early 2023"]
[White "Khubukshanov, Erdem"]
[Black "Manukyan, Sargis A."]
[WhiteFideId "54114527"]
[BlackFideId "13303970"]
[WhiteElo "2864"]
[BlackElo "2639"]
[Result "1-0"]
[Round "3"]
[TimeControl "180+1"]
[Date "2023.08.01"]
[WhiteClock "0:00:12"]
[BlackClock "0:00:02"]
[Board "29"]

1. Nf3 d5 2. e3 Nf6 3. b3 c5 4. Bb2 Nc6 5. Bb5 Bd7 6. O-O e6 7. d4 a6 8. Bd3 Bd6 9. a3 cxd4 10. exd4 O-O 11. Nbd2 Qc7 12. Re1 b5 13. Ne5 Rac8 14. h4 Ne8 15. Qf3 f5 16. Qe2 Nxe5 17. dxe5 Bc5 18. Nf3 Qb6 19. b4 Be7 20. Bd4 Qd8 21. c3 Bxh4 22. a4 Nc7 23. Bb6 bxa4 24. Bxa6 Ra8 25. Bxc7 Bxf2+ 26. Qxf2 Qxc7 27. b5 Qxc3 28. Qd4 Qc7 29. Rxa4 Rfb8 30. Rb4 h6 31. b6 Qc2 32. Bd3 Qa2 33. Rc1 Be8 34. b7 Ra7 35. Rc8 Rbxb7 36. Rxe8+ Kh7 37. Rxb7 Rxb7 38. Rc8 Rb2 39. Bf1 Qa3 40. Rc6 Rb4 41. Qc3 Rb3 42. Qd2 Qa7+ 43. Qf2 Qd7 44. Rd6 Qc8 45. Nd4 Rb1 46. Nxe6 g6 47. Rd7+ Kh8 48. Rd8+ Qxd8 49. Nxd8 d4 50. Qxd4 Rxf1+ 51. Kxf1 1-0


[Site "https://www.chess.com"]

[Event "Titled Tuesday Blitz August 1 Early 2023"]
[White "Popilski, Gil"]
[Black "Rasulov, Vugar"]
[WhiteFideId "2809060"]
[BlackFideId "13402390"]
[WhiteElo "2636"]
[BlackElo "2860"]
[Result "1-0"]
[Round "3"]
[TimeControl "180+1"]
[Date "2023.08.01"]
[WhiteClock "0:00:18"]
[BlackClock "0:00:08"]
[Board "30"]

1. e4 c6 2. d4 d5 3. exd5 cxd5 4. c4 Nf6 5. Nc3 e6 6. Nf3 Be7 7. cxd5 Nxd5 8. Bc4 O-O 9. O-O Nc6 10. Re1 Nf6 11. a3 b6 12. Bg5 Bb7 13. Ba2 Rc8 14. Qd3 Na5 15. Rad1 Nd5 16. Bxe7 Nxe7 17. Ng5 Ng6 18. h4 Qf6 19. Nce4 Bxe4 20. Rxe4 Rcd8 21. Rg4 Qf5 22. Qxf5 exf5 23. Rg3 Nc6 24. d5 Nce5 25. h5 Nf4 26. Re3 Ng4 27. Re7 h6 28. Nxf7 Rxf7 29. d6 Nf6 30. Rxf7 Kh7 31. Bb1 Kg8 32. Rxa7 Ne4 33. Bxe4 fxe4 34. Re7 Nxh5 35. d7 Nf6 36. Re6 b5 37. Re5 Kf7 38. Rxb5 Ke6 39. Rb6+ Ke7 40. Rb7 g5 41. a4 h5 42. a5 h4 43. a6 g4 44. a7 g3 45. fxg3 hxg3 46. Rb8 1-0


[Site "https://www.chess.com"]

[Event "Titled Tuesday Blitz August 1 Early 2023"]
[White "Ashraf, Artin"]
[Black "Ovetchkin, Roman"]
[WhiteFideId "22514805"]
[BlackFideId "4119991"]
[WhiteElo "2858"]
[BlackElo "2633"]
[Result "1-0"]
[Round "3"]
[TimeControl "180+1"]
[Date "2023.08.01"]
[WhiteClock "0:00:03"]
[BlackClock "0:00:00"]
[Board "31"]

1. c4 e6 2. g3 d5 3. Bg2 Nf6 4. Nf3 Be7 5. O-O O-O 6. d4 c6 7. b3 a5 8. Ba3 a4 9. Bxe7 Qxe7 10. Nc3 axb3 11. axb3 Rxa1 12. Qxa1 Qb4 13. Ne5 Nfd7 14. Nxd7 Nxd7 15. e3 Qxb3 16. Rb1 Qc2 17. Rc1 Qg6 18. Qa8 Nb6 19. Qa7 Nxc4 20. Bf1 Qf5 21. Na4 e5 22. Nc5 exd4 23. exd4 Nd2 24. Bg2 Nf3+ 25. Kh1 Nxd4 26. Nxb7 Bxb7 27. Qxd4 Bc8 28. Kg1 Bd7 29. Bf1 Re8 30. Qa7 h5 31. h4 g6 32. Qc7 Qe6 33. Ra1 Rc8 34. Qb7 c5 35. Ra7 Be8 36. Kh2 c4 37. Bh3 Qf6 38. Qxc8 Qxf2+ 39. Bg2 Qxa7 40. Qxe8+ Kg7 41. Qe5+ Kg8 42. Qxd5 Qc7 43. Qe4 c3 44. Qc2 Kg7 45. Kh3 Qe5 46. Be4 Qd4 47. Qe2 Qc5 48. Bc2 Qg1 49. Qg2 Qd4 50. Kh2 Qc5 51. Qe2 1-0


[Site "https://www.chess.com"]

[Event "Titled Tuesday Blitz August 1 Early 2023"]
[White "Mitrabha, Guha"]
[Black "Sipila, Vilka"]
[WhiteFideId "5057000"]
[BlackFideId "505455"]
[WhiteElo "2845"]
[BlackElo "2632"]
[Result "1-0"]
[Round "3"]
[TimeControl "180+1"]
[Date "2023.08.01"]
[WhiteClock "0:00:35"]
[BlackClock "0:00:19"]
[Board "32"]

1. Nf3 f5 2. b3 Nf6 3. Bb2 e6 4. g3 Be7 5. Bg2 O-O 6. O-O d6 7. c4 e5 8. Nc3 c6 9. d3 f4 10. c5 Na6 11. cxd6 Bxd6 12. Ne4 Nxe4 13. dxe4 Qe7 14. Qd2 Bg4 15. Rad1 Rad8 16. Qa5 Bc7 17. Qc3 Bxf3 18. Bxf3 Qb4 19. Qc2 Qa5 20. a3 Qc5 21. Qb1 Qb5 22. b4 Qc4 23. Kg2 h6 24. Rxd8 Rxd8 25. Rd1 Rxd1 26. Qxd1 Qa2 27. Qd2 fxg3 28. hxg3 Bb6 29. Qd7 Qf7 30. Qc8+ Kh7 31. Bxe5 c5 32. Bg4 Qg8 33. Qxb7 cxb4 34. Qxa6 b3 35. Qb5 Qf7 36. Bf3 g5 37. g4 h5 38. e3 Qe6 39. Qd5 Qe8 40. Qb7+ 1-0


[Site "https://www.chess.com"]

[Event "Titled Tuesday Blitz August 1 Early 2023"]
[White "Talibov, Shiroghlan"]
[Black "Piesik, Piotr"]
[WhiteFideId "13429078"]
[BlackFideId "1136194"]
[WhiteElo "2842"]
[BlackElo "2622"]
[Result "1-0"]
[Round "3"]
[TimeControl "180+1"]
[Date "2023.08.01"]
[WhiteClock "0:01:16"]
[BlackClock "0:00:57"]
[Board "33"]

1. Nf3 g6 2. h4 h5 3. e4 Bg7 4. Bc4 c6 5. Nc3 b5 6. Bb3 b4 7. Ne2 d5 8. exd5 cxd5 9. d4 Nc6 10. Be3 Nh6 11. Nf4 e6 12. Ba4 Bd7 13. Qd2 a5 14. a3 Nf5 15. axb4 Nxb4 16. Bxd7+ Qxd7 17. c3 Nc6 18. Nd3 O-O 19. O-O Rfb8 20. Rfe1 Nxe3 21. Qxe3 Qc7 22. Re2 Ne7 23. Qg5 Nf5 24. Qd2 Nd6 25. g3 Nc4 26. Qg5 a4 27. Ra2 a3 28. b4 Nd6 29. Nc5 Nb5 30. Re3 Qd8 31. Nxe6 fxe6 32. Qxg6 Qe8 33. Qd3 Rc8 34. Ng5 1-0


[Site "https://www.chess.com"]

[Event "Titled Tuesday Blitz August 1 Early 2023"]
[White "Sturt, Raven"]
[Black "Kazakouski, Valery"]
[WhiteFideId "2007304"]
[BlackFideId "13507443"]
[WhiteElo "2617"]
[BlackElo "2834"]
[Result "0-1"]
[Round "3"]
[TimeControl "180+1"]
[Date "2023.08.01"]
[WhiteClock "0:00:30"]
[BlackClock "0:00:35"]
[Board "34"]

1. d4 Nf6 2. c4 e6 3. Nf3 d5 4. Nc3 a6 5. c5 Nc6 6. Bf4 h6 7. h3 Ne4 8. e3 g5 9. Bh2 Bg7 10. Bd3 f5 11. Qc2 Bd7 12. a3 O-O 13. O-O Be8 14. b4 Bh5 15. Nd2 Qe7 16. Rab1 Nxc3 17. Qxc3 e5 18. dxe5 Nxe5 19. Qb3 c6 20. Rbe1 Rae8 21. Qb1 Qe6 22. Bc2 f4 23. exf4 gxf4 24. Bb3 f3 25. Re3 fxg2 26. Rfe1 Qf6 27. Bg3 Nf3+ 28. Nxf3 Rxe3 29. Rxe3 Bxf3 30. Bd6 Rf7 31. Qd3 Qa1+ 0-1


[Site "https://www.chess.com"]

[Event "Titled Tuesday Blitz August 1 Early 2023"]
[White "Jain Kashish Manoj"]
[Black "Kovalenko, Igor"]
[WhiteFideId "35081098"]
[BlackFideId "14117908"]
[WhiteElo "2613"]
[BlackElo "2832"]
[Result "0-1"]
[Round "3"]
[TimeControl "180+1"]
[Date "2023.08.01"]
[WhiteClock "0:00:00"]
[BlackClock "0:00:22"]
[Board "35"]

1. e4 Nf6 2. Nc3 Nc6 3. Nf3 d5 4. exd5 Nxd5 5. Bb5 e6 6. O-O Be7 7. Ne5 Bd7 8. Bxc6 Bxc6 9. Nxc6 bxc6 10. Ne4 O-O 11. Re1 Bd6 12. b3 Qh4 13. g3 Qh3 14. Bb2 h6 15. Qf3 Rae8 16. c4 Nb4 17. a3 Nc2 18. Qc3 e5 19. Qxc2 f5 20. Nxd6 cxd6 21. Qd3 f4 22. Qf1 Qg4 23. d3 h5 24. Re4 Re6 25. Rae1 c5 26. b4 Rc8 27. Qg2 Qf5 28. f3 Rg6 29. Kf1 Kh7 30. R1e2 a5 31. b5 a4 32. Rf2 Rf8 33. Qg1 Qh3+ 34. Ke2 fxg3 35. hxg3 Rxg3 36. Qh2 Qxh2 37. Rxh2 Rfxf3 38. Rxh5+ Kg6 39. Rh2 Rxd3 40. Rf2 Rb3 41. Bc1 Kh7 42. Bd2 Rxa3 43. Rf1 Rab3 44. Rh4+ Kg8 45. Rh2 a3 46. Ra1 Rg4 47. Kd1 Rxc4 48. Ra2 e4 49. Re2 d5 0-1


[Site "https://www.chess.com"]

[Event "Titled Tuesday Blitz August 1 Early 2023"]
[White "Pichot, Alan"]
[Black "NovoselovRoman"]
[WhiteFideId "110973"]
[WhiteElo "2832"]
[BlackElo "2603"]
[Result "1/2-1/2"]
[Round "3"]
[TimeControl "180+1"]
[Date "2023.08.01"]
[WhiteClock "0:00:06"]
[BlackClock "0:00:05"]
[Board "36"]

1. e4 d5 2. e5 c5 3. Nf3 Nc6 4. Bb5 Bf5 5. d4 e6 6. O-O Qb6 7. Nc3 a6 8. dxc5 Bxc5 9. Bxc6+ Qxc6 10. Nd4 Bxd4 11. Qxd4 Ne7 12. Be3 O-O 13. g4 Bg6 14. f4 Rac8 15. Rf2 Qd7 16. Rd1 Rfd8 17. Qb6 Rc6 18. Qb4 Rdc8 19. h3 Rc4 20. Qb6 R8c6 21. Qa7 Qc8 22. f5 exf5 23. Nxd5 Nxd5 24. Rxd5 h5 25. Rfd2 Qe6 26. Rd8+ Kh7 27. Qb8 Rc8 28. Rxc8 Rxc8 29. Qxb7 fxg4 30. hxg4 Qxg4+ 31. Qg2 Qf5 32. Bd4 Rxc2 33. Rxc2 Qxc2 34. Qxc2 Bxc2 35. Kg2 Kg6 36. Kg3 Kf5 37. e6 fxe6 38. Bxg7 Ke4 39. Kh4 Bd1 40. Kg5 Kd5 41. Bf6 Bf3 42. b4 e5 43. Kf5 Bg4+ 44. Kg5 e4 45. Kf4 Kc4 46. Kxe4 Kxb4 47. Be7+ Kc3 48. a3 Kb3 49. Kd4 a5 50. Ke3 a4 51. Kd4 Kb2 52. Ke3 Kb3 53. Kd4 Bf3 54. Ke3 Bg4 1/2-1/2


[Site "https://www.chess.com"]

[Event "Titled Tuesday Blitz August 1 Early 2023"]
[White "Bodnaruk, Anastasia"]
[Black "Sychev, Klementy"]
[WhiteFideId "4181751"]
[BlackFideId "4114060"]
[WhiteElo "2597"]
[BlackElo "2823"]
[Result "1-0"]
[Round "3"]
[TimeControl "180+1"]
[Date "2023.08.01"]
[WhiteClock "0:00:03"]
[BlackClock "0:00:00"]
[Board "37"]

1. e4 e5 2. Nf3 Nc6 3. Bb5 a6 4. Ba4 f5 5. d3 fxe4 6. dxe4 Nf6 7. Qd3 d6 8. a3 Be6 9. Nbd2 Be7 10. O-O Qd7 11. Bb3 Bxb3 12. Qxb3 O-O-O 13. Qd3 g5 14. c4 g4 15. Ne1 Nh5 16. g3 Nd4 17. Nc2 Nxc2 18. Qxc2 Ng7 19. b4 h5 20. Nb3 h4 21. Be3 Rh7 22. Rad1 Rdh8 23. Rd2 Qa4 24. c5 Kb8 25. Qb2 Ne6 26. Na5 Qe8 27. cxd6 cxd6 28. Qb3 Ng5 29. Bxg5 Bxg5 30. Rc2 hxg3 31. fxg3 Qb5 32. Nc4 Bd8 33. Rd1 Bb6+ 34. Kh1 Bd4 35. Nxd6 Qd7 36. Nf5 Rxh2+ 37. Rxh2 Rxh2+ 38. Kxh2 Qh7+ 39. Nh4 Qxe4 40. Qa2 Qe3 41. Qg2 Qxa3 42. Nf5 Qxb4 43. Nxd4 exd4 44. Qd2 Qb6 45. Qxd4 Qh6+ 46. Kg2 Qh3+ 47. Kf2 Qh2+ 48. Ke3 Qxg3+ 49. Ke4 Qf3+ 50. Ke5 Qe2+ 51. Kd6 g3 52. Kd7 g2 53. Qd6+ Ka7 54. Qc5+ Ka8 55. Qf8+ Ka7 56. Qc5+ Ka8 57. Rc1 Qd2+ 58. Ke7 Qe2+ 59. Kf7 Qf1+ 60. Ke6 Qe2+ 61. Kd7 Qd3+ 62. Kc8 1-0


[Site "https://www.chess.com"]

[Event "Titled Tuesday Blitz August 1 Early 2023"]
[White "Ohanyan, Emin"]
[Black "Karamsetty, Jeevan"]
[WhiteFideId "13312022"]
[BlackFideId "2025337"]
[WhiteElo "2808"]
[BlackElo "2587"]
[Result "1-0"]
[Round "3"]
[TimeControl "180+1"]
[Date "2023.08.01"]
[WhiteClock "0:00:24"]
[BlackClock "0:00:02"]
[Board "38"]

1. d4 d6 2. e4 Nf6 3. Nc3 e5 4. Nf3 Nbd7 5. Bc4 Be7 6. a4 O-O 7. O-O a6 8. h3 b6 9. d5 Ne8 10. b4 a5 11. bxa5 Rxa5 12. Bd2 Nc5 13. Ne1 Bd7 14. Bb3 Ra7 15. Nd3 Nxb3 16. cxb3 f5 17. f3 Nf6 18. Nf2 Qe8 19. Qe2 Nh5 20. Rfc1 f4 21. Nb5 Bxb5 22. Qxb5 Qg6 23. b4 Bh4 24. Ng4 Ng3 25. a5 h5 26. Nf2 bxa5 27. bxa5 Rfa8 28. a6 Kh7 29. Nh1 Nxh1 30. Kxh1 Bf2 31. Be1 Bd4 32. Ra2 Qg5 33. Rc4 Bb6 34. Rca4 Qd8 35. g4 Qc8 36. Kg2 g5 37. Bc3 h4 38. Bb4 Bd4 39. Qc6 Rb8 40. Bc3 Rb6 41. Qc4 Bxc3 42. Qxc3 Rbxa6 43. Rxa6 Rxa6 44. Rb2 Ra7 45. Qc6 Qa6 46. Qd7+ Kg6 47. Qf5+ Kh6 48. Qf6+ Kh7 49. Qf7+ Kh6 50. Qh5+ Kg7 51. Qxg5+ Kf7 52. Qh5+ Kg7 53. Qg5+ Kf7 54. Qxh4 Qd3 55. Qh7+ Kf6 56. h4 Ra1 57. g5# 1-0


[Site "https://www.chess.com"]

[Event "Titled Tuesday Blitz August 1 Early 2023"]
[White "Priasmoro, Novendra"]
[Black "Saya, Ethan"]
[WhiteFideId "7105029"]
[BlackFideId "26095181"]
[WhiteElo "2785"]
[BlackElo "2582"]
[Result "1-0"]
[Round "3"]
[TimeControl "180+1"]
[Date "2023.08.01"]
[WhiteClock "0:00:03"]
[BlackClock "0:00:02"]
[Board "39"]

1. e4 e6 2. d4 d5 3. Nc3 Nf6 4. e5 Nfd7 5. f4 c5 6. Nf3 Nc6 7. Be3 Be7 8. Qd2 O-O 9. Ne2 cxd4 10. Nexd4 Nc5 11. Bd3 Bd7 12. O-O Rc8 13. Kh1 Nxd3 14. cxd3 Nxd4 15. Nxd4 Qc7 16. Rae1 Bc5 17. Nb3 Bxe3 18. Qxe3 b6 19. Nd4 Qc5 20. a3 Qa5 21. h4 b5 22. h5 h6 23. g4 Qd8 24. g5 Kh8 25. Rg1 Qe7 26. Rg3 Rg8 27. Reg1 a5 28. Rg4 b4 29. Qg3 Qf8 30. Qh4 bxa3 31. gxh6 Qd8 32. hxg7+ Kh7 33. Qxd8 Rcxd8 34. bxa3 Rb8 35. Nf3 Be8 36. f5 exf5 37. Rf4 Rb3 38. Rxf5 Rxd3 39. Ng5+ Kh6 40. Rf6+ Kxh5 41. Nf3 Rxf3 42. Rxf3 Bd7 43. Rf6 Be6 44. Kh2 d4 45. Rf4 Kh6 46. Rh4# 1-0


[Site "https://www.chess.com"]

[Event "Titled Tuesday Blitz August 1 Early 2023"]
[White "Dvirnyy, Danyyil"]
[Black "Ambartsumova, Karina"]
[WhiteFideId "817570"]
[BlackFideId "4166299"]
[WhiteElo "2784"]
[BlackElo "2577"]
[Result "1-0"]
[Round "3"]
[TimeControl "180+1"]
[Date "2023.08.01"]
[WhiteClock "0:00:18"]
[BlackClock "0:00:00"]
[Board "40"]

1. Nf3 Nf6 2. g3 g6 3. Bg2 Bg7 4. O-O O-O 5. c4 d6 6. Nc3 e5 7. d3 Nc6 8. Rb1 h6 9. b4 Be6 10. b5 Ne7 11. a4 Qd7 12. Ba3 Bh3 13. e4 Bxg2 14. Kxg2 Nh7 15. Nd2 f5 16. f3 Ng5 17. Qe2 Rf7 18. Nd5 Ne6 19. Nb3 b6 20. a5 Raf8 21. axb6 axb6 22. Nxe7+ Qxe7 23. Bb2 Qg5 24. Kh1 Qh5 25. Nd2 Ng5 26. Kg2 Qh3+ 27. Kg1 Qh5 28. Kg2 Qh3+ 29. Kh1 Qh5 30. Qg2 fxe4 31. fxe4 Qg4 32. Rxf7 Rxf7 33. Rf1 Rxf1+ 34. Qxf1 Ne6 35. Qf3 Qxf3+ 36. Nxf3 Nc5 37. Ne1 Bf6 38. Ba3 Ne6 39. Kg2 Bg5 40. h4 Bd2 41. Nf3 Be3 42. Bb2 Nc5 43. Ne1 Bd2 44. Nf3 Nxd3 45. Bxe5 Nxe5 46. Nxd2 Kf7 47. Kf2 Ke6 48. Ke3 g5 49. hxg5 hxg5 50. Kd4 Nd7 51. Nb1 Ne5 52. Nc3 Kf6 53. Nd5+ Kg6 54. Nxc7 g4 55. Ne8 Nf7 56. Kd5 Ng5 57. Nxd6 Nf3 58. c5 bxc5 59. b6 1-0


[Site "https://www.chess.com"]

[Event "Titled Tuesday Blitz August 1 Early 2023"]
[White "NovozhilovSemen"]
[Black "Krzyzanowski, Marcin"]
[BlackFideId "1132199"]
[WhiteElo "2570"]
[BlackElo "2782"]
[Result "0-1"]
[Round "3"]
[TimeControl "180+1"]
[Date "2023.08.01"]
[WhiteClock "0:00:29"]
[BlackClock "0:00:36"]
[Board "41"]

1. d4 Nf6 2. Nf3 g6 3. Nc3 d5 4. Bf4 Bg7 5. e3 O-O 6. Be2 a6 7. Ne5 c5 8. O-O cxd4 9. exd4 Nc6 10. Nxc6 bxc6 11. Na4 Ne4 12. f3 Nd6 13. c3 f6 14. Nc5 e5 15. Be3 Re8 16. Bf2 e4 17. fxe4 Nxe4 18. Nxe4 dxe4 19. Be3 f5 20. Qa4 Bd7 21. Rad1 Kh8 22. Kh1 g5 23. Bh5 Rf8 24. g3 f4 25. Bg1 e3 26. Rde1 Be6 27. Bf3 Bd5 28. c4 Bxf3+ 29. Rxf3 Qxd4 30. Qxc6 Rad8 31. h4 Qd2 32. Rb1 e2 33. Bf2 Qd1+ 34. Rxd1 exd1=Q+ 35. Kg2 fxg3 0-1


[Site "https://www.chess.com"]

[Event "Titled Tuesday Blitz August 1 Early 2023"]
[White "Remizov, Yaroslav"]
[Black "To, Nhat Minh"]
[WhiteFideId "34134015"]
[BlackFideId "729019"]
[WhiteElo "2776"]
[BlackElo "2563"]
[Result "1-0"]
[Round "3"]
[TimeControl "180+1"]
[Date "2023.08.01"]
[WhiteClock "0:01:04"]
[BlackClock "0:00:13"]
[Board "42"]

1. e4 c5 2. Nc3 Nc6 3. Bb5 Nd4 4. Bc4 a6 5. Nce2 Nc6 6. a4 Nf6 7. d3 e6 8. Nf3 d5 9. exd5 exd5 10. Ba2 h6 11. O-O Bd6 12. Bf4 O-O 13. h3 Re8 14. Bxd6 Qxd6 15. Qd2 Bd7 16. Rae1 Re7 17. Qf4 Qb8 18. Qxb8+ Rxb8 19. Nf4 Rxe1 20. Rxe1 Nb4 21. Bb3 c4 22. dxc4 dxc4 23. Bxc4 Nxc2 24. Re7 Be8 25. Ne5 b5 26. axb5 axb5 27. Rxe8+ Nxe8 28. Bxf7+ Kh8 29. Nfg6+ Kh7 30. Nf8+ Kh8 31. Neg6# 1-0


[Site "https://www.chess.com"]

[Event "Titled Tuesday Blitz August 1 Early 2023"]
[White "Gorovets, Andrey"]
[Black "Demin, Vladimir"]
[WhiteFideId "13504037"]
[BlackFideId "4167457"]
[WhiteElo "2773"]
[BlackElo "2560"]
[Result "0-1"]
[Round "3"]
[TimeControl "180+1"]
[Date "2023.08.01"]
[WhiteClock "0:00:00"]
[BlackClock "0:00:10"]
[Board "43"]

1. Nf3 Nf6 2. g3 d5 3. d4 e6 4. c4 Be7 5. Nc3 O-O 6. Bg2 dxc4 7. Ne5 Nc6 8. Bxc6 bxc6 9. Nxc6 Qe8 10. Nxe7+ Qxe7 11. Qa4 Nd5 12. Qxc4 a5 13. Bd2 Ba6 14. Qc5 Qd7 15. Rc1 Rfb8 16. b3 h6 17. Nxd5 exd5 18. Qxc7 Qg4 19. O-O Bxe2 20. Rfe1 g5 21. h3 Qh5 22. Qe5 Bf3 23. Rc3 Re8 24. Qxe8+ Rxe8 25. Rxe8+ Kg7 26. Ree3 Be4 27. g4 Qg6 28. f3 Bb1 29. a3 Qd6 30. Re5 Qxa3 31. f4 Qb2 32. Re2 Bd3 33. Rf2 Qb1+ 34. Kh2 Be4 35. fxg5 Qh1+ 36. Kg3 Qg1+ 0-1


[Site "https://www.chess.com"]

[Event "Titled Tuesday Blitz August 1 Early 2023"]
[White "Malka, Samuel"]
[Black "Kushko, Dmitriy"]
[WhiteFideId "20643675"]
[BlackFideId "14162261"]
[WhiteElo "2558"]
[BlackElo "2770"]
[Result "0-1"]
[Round "3"]
[TimeControl "180+1"]
[Date "2023.08.01"]
[WhiteClock "0:00:05"]
[BlackClock "0:00:15"]
[Board "44"]

1. d4 g6 2. c4 Bg7 3. e4 d6 4. Nc3 e5 5. Nge2 Nc6 6. Be3 Nh6 7. d5 Ne7 8. f3 f5 9. Qd2 Nf7 10. h4 O-O 11. h5 c5 12. hxg6 hxg6 13. g3 a6 14. a4 Bd7 15. Bh3 b5 16. axb5 axb5 17. Rxa8 Qxa8 18. Nxb5 Qa4 19. Nec3 Qxc4 20. Bf1 Qb4 21. Qh2 Ra8 22. Qh7+ Kf8 23. Nxd6 Qxb2 24. Nxf7 Qxc3+ 25. Kf2 Ra2+ 26. Be2 Bb5 27. Re1 Kxf7 28. d6 Qd3 29. dxe7 Rxe2+ 30. Rxe2 Qxe2+ 31. Kg1 Qxe3+ 32. Kg2 Qe2+ 33. Kh1 Qxf3+ 34. Kg1 Qf1+ 35. Kh2 Qf2+ 36. Kh3 Bf1+ 37. Kh4 Qh2+ 38. Kg5 Qxh7 39. e8=Q+ Kxe8 40. g4 Qh6# 0-1


[Site "https://www.chess.com"]